 Dungeon Crawl Stone Soup version 0.26-a0-651-gb41185065b (webtiles) character file.

Game seed: 2158381303716264263

108256 Flugslaktarn the Brawler (level 16, 0/158 HPs)
             Began as a Troll Fighter on Oct 28, 2020.
             Was the Champion of Ru.
             Slain by a nine-headed hydra (12 damage)
             ... on level 4 of the Lair of Beasts.
             The game lasted 00:15:52 (22191 turns).

Flugslaktarn the Brawler (Troll Fighter)           Turns: 22191, Time: 00:15:53

Health: 0/158      AC: 13    Str: 28    XL:     16   Next: 2%
Magic:  15/15      EV: 14    Int:  4    God:    Ru [******]
Gold:   2830       SH: 24    Dex: 14    Spells: 15/15 levels left

rFire    + . .     SeeInvis .     - Unarmed
rCold    + . .     Faith    .   u - +2 tower shield
rNeg     + . .     Spirit   .   M - +2 robe {rC+ rF+}
rPois    +         Reflect  +   J - +2 hat
rElec    .         Harm     .   a - +2 cloak
rCorr    .         Rampage  .   (gloves unavailable)
MR       +....                  (boots unavailable)
Stlth    ..........             f - amulet of reflection
HPRegen  0.76/turn              v - +4 ring of evasion
MPRegen  0.14/turn              i - ring "Ruicurof" {rPois rN+}

@: lethally poisoned (0 -> 0), exhausted, about to teleport, very heavily
drained, very slow
A: large, unfitting armour, claws 3, regeneration 1, shaggy fur 1, tough skin 3,
no stealth, hated by all, inability to train armour, unskilled 1, inexperienced
1
a: Draw Out Power, Power Leap, Apocalypse, Renounce Religion


You were on level 4 of the Lair of Beasts.
You worshipped Ru.
Ru was exalted by your worship.
You visited 4 branches of the dungeon, and saw 24 of its levels.
You also visited: Gauntlet and Ice Cave.

You collected 2893 gold pieces.
You spent 63 gold pieces at shops.

Inventory:

Missiles
 m - 3 throwing nets (quivered)
Armour
 a - a +2 cloak (worn)
   (You found it on level 6 of the Lair of Beasts)
 b - a +0 kite shield
 u - a +2 tower shield (worn)
   (You bought it in a shop on level 8 of the Dungeon)
 J - a +2 hat (worn)
   (You found it on level 1 of the Lair of Beasts)
 M - a +2 robe of resistance (worn)
   (You found it on level 2 of the Orcish Mines)
Jewellery
 f - an amulet of reflection (around neck)
   (You found it on level 4 of the Dungeon)
 i - the ring "Ruicurof" (right claw) {rPois rN+}
   (You found it in a Gauntlet)

   [ring of positive energy]

   It protects you from poison.
   It protects you from negative energy.
 p - a +4 ring of protection
   (You took it off a centaur on level 9 of the Dungeon)
 v - a +4 ring of evasion (left claw)
   (You found it on level 6 of the Dungeon)
 y - a +4 ring of evasion
   (You found it on level 14 of the Dungeon)
Wands
 c - a wand of iceblast (20)
   (You found it on level 7 of the Dungeon)
 g - a wand of digging (32)
   (You found it on level 2 of the Lair of Beasts)
 w - a wand of acid (19)
   (You found it on level 7 of the Dungeon)
 D - a wand of paralysis (36)
   (You found it on level 9 of the Dungeon)
Scrolls
 l - a scroll of magic mapping
 r - 5 scrolls of identify
 s - 7 scrolls of fog
 t - 7 scrolls of teleportation
 x - 6 scrolls of remove curse
 z - 3 scrolls of blinking
 A - a scroll of summoning
 B - 5 scrolls of immolation
 I - a scroll of holy word
 L - a scroll of fear
 O - 2 scrolls of enchant armour
Potions
 d - 11 potions of might
 h - 3 potions of haste
 j - 5 potions of lignification
 k - 3 potions of mutation
 n - a potion of resistance
 o - 3 potions of magic
 q - 8 potions of curing
 E - 5 potions of heal wounds
 G - a potion of cancellation
 H - 2 potions of flight
Miscellaneous
 C - a tin of tremorstones (2/3)
   (You found it on level 9 of the Dungeon)
 F - a condenser vane (2/2)
   (You found it on level 4 of the Dungeon)


   Skills:
 + Level 10.1(6.0) Fighting
 + Level 9.6(5.6) Dodging
 + Level 11.6(7.4) Shields
 * Level 15.4(10.8) Unarmed Combat
 - Level 5.0(1.4) Evocations


You had 15 spell levels left.
You didn't know any spells.
Your spell library was empty.

Dungeon Overview and Level Annotations

Branches:
Dungeon (15/15)            Temple (0/1) D:7            Lair (6/6) D:9
  Swamp (1/4) Lair:4        Snake (0/4) Lair:4        Slime (0/5) Lair:5
    Orc (2/2) D:9             Elf (0/3) Orc:2        Vaults (0/5) D:14
 Depths (0/5) D:15          IceCv (visited)         Gauntlet (visited)

Altars:
Gozag
Hepliaklqana
Kikubaaqudgha
Okawaru
Ru
Uskayaw
Vehumet
Xom
Zin
Beogh

Shops:
D:5 *   D:7 *   D:8 [   D:12 [   D:14 (   Orc:2 ?}:[

Portals:
Abyss: D:3

Annotations:
D:3 2 transporters, ma3's ghost, amateur GrFi
D:4 4 runed translucent doors
Lair:5 exclusion: oklob plant
Lair:6 exclusion: oklob plant


Innate Abilities, Weirdness & Mutations

You are too large for most types of armour.
You have claws for hands.
Your natural rate of healing is unusually fast.
You are covered in fur. (AC +1)
You have extremely tough skin. (AC +3)
You cannot be stealthy.
You are hated by all.
You cannot train Armour skill.
You are somewhat unskilled. (-1 Apt)
You are somewhat inexperienced. (-2 XL)


Message History

Moving in this stuff is going to be slow.
You feel sick.
The nine-headed hydra closely misses you.
You block the nine-headed hydra's attack.
The nine-headed hydra bites you but does no damage.
You block the nine-headed hydra's attack.
The nine-headed hydra barely misses you.
The nine-headed hydra misses you.
The nine-headed hydra bites you but does no damage.
The nine-headed hydra barely misses you.
You block the nine-headed hydra's attack.
You block the hornet's attack.
You feel sick.
You redirect the tyrant leech's attack!
The tyrant leech bites itself!!
The nine-headed hydra misses you.
The nine-headed hydra bites you but does no damage.
You block the nine-headed hydra's attack. x2
The nine-headed hydra closely misses you.
The nine-headed hydra bites you!
You die...

♣♣♣♣♣ ♣♣≈§@♣ ##♣≈§wD♣♣
#..§≈y§§♣##
#######.♣≈§§≈♣♣.### ###
#.#..P#.♣♣♣≈♣♣♣...#
#.###.#...'..♣♣♣♣♣....#
..#.....##...........##
......####...........##
#..#### #.#...........#


You could see a nine-headed hydra (blind, corona), a tyrant leech and a hornet
(corona).

Vanquished Creatures
  Jorgrun (D:14)
  Agnes (D:14)
  Kirke (D:14)
  A frost giant (IceCv)
  Nessos (Orc:2)
  A dire elephant (Gauntlet)
  Azrael (D:14)
  A minotaur (Gauntlet)
  Snorg (Lair:4)
  Josephine (D:15)
  Fannar (Lair:3)
  Erolcha (Orc:2)
  2 centaur warriors
  A merfolk avatar (Lair:6)
  5 hydras
  A catoblepas (D:13)
  2 ogre magi
  3 death yaks
  8 two-headed ogres
  2 alligators (Swamp:1)
  A tengu warrior (D:15)
  A vampire mage (D:15)
  Nergalle (D:11)
  A skeletal warrior (D:15)
  A sea snake (Lair:6)
  3 unseen horrors
  A lindwurm (Lair:6)
  2 orc knights
  2 harpies (Lair:6)
  2 deep elf magi
  A necromancer (D:15)
  7 orc sorcerers (Orc:2)
  17 ugly things
  2 cyclopes
  2 manticores
  A water nymph (shapeshifter) (D:14)
  An ice statue (IceCv)
  4 black mambas
  An elf zombie (D:15)
  12 elephants
  A guardian serpent (shapeshifter) (D:14)
  2 torpor snails (Lair:6)
  7 centaur skeletons
  2 gargoyles
  An efreet (Gauntlet)
  17 cane toads
  7 rime drakes
  7 komodo dragons
  A guardian mummy (D:15)
  15 polar bears
  A polar bear (shapeshifter) (D:14)
  6 trolls
  4 hornets
  A wind drake (Lair:6)
  An ice dragon zombie (D:15)
  7 dream sheep (Lair:6)
  15 slime creatures
  4 blink frogs (Lair:2)
  13 hippogriffs
  An ettin skeleton (D:15)
  A shadow (Swamp:1)
  A vampire (D:12)
  18 wyverns
  4 wraiths
  9 basilisks
  56 yaks
  6 fire elementals
  A human (D:14)
  A steam dragon (D:9)
  Menkaure (D:6)
  A human zombie (D:15)
  10 vampire mosquitoes
  A swamp worm (Lair:4)
  A warg (Orc:1)
  A soldier ant (D:11)
  3 acid dragons
  2 hell hounds
  A soldier ant (shapeshifter) (D:15)
  10 porcupines
  14 water moccasins
  2 sky beasts
  2 ice beasts
  3 black bears
  An eye of draining (D:10)
  23 orc warriors
  2 necrophages
  17 wolves
  14 ogres
  4 phantoms
  9 centaurs
  15 crocodiles
  2 big kobolds
  A gnoll sergeant (Orc:2)
  17 bullfrogs
  7 scorpions
  18 wights
  An electric eel (Lair:3)
  A howler monkey (D:4)
  3 bullfrog zombies
  2 centaur zombies
  4 jellies
  2 quasits
  12 hounds
  A gnoll shaman (D:8)
  13 orc priests
  3 bullfrog skeletons
  An iguana (D:9)
  42 orc wizards
  16 worker ants
  A hound zombie (D:9)
  2 hound skeletons
  A worker ant zombie (D:10)
  14 gnolls
  19 adders
  A shadow imp (D:6)
  3 white imps
  An ooze (D:4)
  An ufetubus (D:7)
  2 adder skeletons
  2 worms
  3 dart slugs
  6 leopard geckos
  86 orcs
  9 giant cockroaches
  9 goblins
  9 hobgoblins
  2 jackals (D:7)
  16 kobolds
  5 quokkas
  4 ball pythons
  8 bats
  6 frilled lizards
  A jackal skeleton (D:5)
  A leopard gecko skeleton (D:5)
  A quokka skeleton (D:5)
  2 quokka zombies
  9 rats
816 creatures vanquished.

Vanquished Creatures (others)
  An ogre mage (Orc:1)
  Sonja (D:11)
  An orc sorcerer (Orc:2)
  A centaur zombie (D:11)
  An elephant (Lair:6)
  A komodo dragon (Lair:6)
  A polar bear (IceCv)
  2 yaks
  A wyvern (Lair:4)
  A human (D:14)
  A water moccasin (Lair:4)
  An orc warrior (Orc:1)
  An ogre (D:6)
  A wolf (IceCv)
  A bullfrog (D:9)
  An orc wizard (Orc:1)
  9 orcs
  A bush (D:9)
  34 fungi
  85 plants
  10 withered plants (D:15)
156 creatures vanquished.

Grand Total: 972 creatures vanquished

Notes
Turn   | Place    | Note
-------+----------+-------------------------------------------
     0 | D:1      | Flugslaktarn the Troll Fighter began the quest for the Orb.
     0 | D:1      | Reached XP level 1. HP: 22/22 MP: 0/0
   145 | D:1      | Reached XP level 2. HP: 28/29 MP: 1/1
   411 | D:1      | Reached skill level 3 in Unarmed Combat
   793 | D:2      | Reached XP level 3. HP: 36/36 MP: 2/2
  1097 | D:2      | Reached XP level 4. HP: 25/45 MP: 3/3
  1468 | D:2      | Reached skill level 4 in Unarmed Combat
  1611 | D:3      | Noticed an ogre
  1632 | D:3      | Killed an ogre
  1632 | D:3      | Reached XP level 5. HP: 32/53 MP: 4/4
  1780 | D:3      | Reached skill level 5 in Unarmed Combat
  1842 | D:3      | Found a transporter.
  1868 | D:3      | Noticed ma3's ghost (amateur GrFi)
  1893 | D:3      | Found a one-way gate to the infinite horrors of the Abyss.
  1918 | D:3      | Found a transporter.
  2079 | D:3      | Reached XP level 6. HP: 48/62 MP: 5/5
  2195 | D:3      | Found a hide-covered altar of Uskayaw.
  2249 | D:4      | Found an opulent altar of Gozag.
  2304 | D:4      | Reached skill level 6 in Unarmed Combat
  2332 | D:4      | Reached XP level 7. HP: 41/70 MP: 6/6
  2634 | D:4      | Found a large runed translucent door.
  2636 | D:4      | Found a large runed translucent door.
  2664 | D:4      | Reached skill level 7 in Unarmed Combat
  2684 | D:4      | Noticed a hippogriff
  2690 | D:4      | Found a large runed translucent door.
  2690 | D:4      | Found a large runed translucent door.
  2872 | D:4      | Found an ancient bone altar of Kikubaaqudgha.
  2903 | D:4      | Found a glowing silver altar of Zin.
  2903 | D:4      | Noticed an angel
  3099 | D:4      | Found a sacrificial altar of Ru.
  3215 | D:4      | Became a worshipper of Ru the Awakened
  3280 | D:5      | Entered Level 5 of the Dungeon
  3353 | D:5      | Reached skill level 5 in Fighting
  3432 | D:5      | Reached XP level 8. HP: 74/80 MP: 7/7
  3545 | D:5      | Reached skill level 8 in Unarmed Combat
  3549 | D:5      | Found Seuh's General Store.
  3998 | D:6      | Found a shimmering altar of Xom.
  4025 | D:6      | Found an iron altar of Okawaru.
  4091 | D:6      | Gained mutation: You are somewhat inexperienced. (-2 XL)
                  | [Ru sacrifice]
  4091 | D:6      | Reached XP level 7. HP: 72/72 MP: 6/6
  4091 | D:6      | Reached XP level 6. HP: 66/66 MP: 5/5
  4091 | D:6      | Reached * piety under Ru
  4091 | D:6      | Reached ** piety under Ru
  4168 | D:6      | Reached skill level 9 in Unarmed Combat
  4168 | D:6      | Reached XP level 7. HP: 25/74 MP: 6/6
  4346 | D:6      | Noticed Menkaure
  4355 | D:6      | Killed Menkaure
  4625 | D:6      | Reached XP level 8. HP: 72/83 MP: 7/7
  4864 | D:7      | Reached skill level 10 in Unarmed Combat
  5083 | D:7      | Found a staircase to the Ecumenical Temple.
  5194 | D:7      | Found Keakorgh's Elemental Accessories.
  5359 | D:8      | Reached XP level 9. HP: 92/92 MP: 8/8
  5372 | D:8      | Reached skill level 11 in Unarmed Combat
  5403 | D:8      | Found Qeczom's Armour Shoppe.
  5411 | D:8      | Bought a +0 tower shield for 63 gold pieces
  5477 | D:8      | Gained mutation: You are somewhat unskilled. (-1 Apt) [Ru
                  | sacrifice]
  5477 | D:8      | Reduced skill Unarmed Combat to level 10
  5477 | D:8      | Reached *** piety under Ru
  6072 | D:9      | Noticed a troll
  6079 | D:9      | Killed a troll
  6192 | D:9      | Reached XP level 10. HP: 28/100 MP: 9/9
  6307 | D:9      | Found a staircase to the Lair.
  6488 | D:9      | Found a staircase to the Orcish Mines.
  6542 | D:9      | Noticed a two-headed ogre
  6547 | D:9      | Killed a two-headed ogre
  6547 | D:9      | Reached skill level 5 in Dodging
  6547 | D:9      | Reached skill level 5 in Shields
  6579 | D:9      | Found a hazy altar of Hepliaklqana.
  6711 | D:10     | Entered Level 10 of the Dungeon
  7067 | D:10     | Noticed a two-headed ogre
  7077 | D:10     | Killed a two-headed ogre
  7077 | D:10     | Reached skill level 1 in Evocations
  7383 | D:10     | Noticed a gargoyle
  7391 | D:10     | Killed a gargoyle
  7391 | D:10     | Reached XP level 11. HP: 101/106 MP: 10/10
  7566 | D:11     | Noticed a brown ugly thing
  7582 | D:11     | Killed a brown ugly thing
  7868 | D:11     | Noticed Sonja
  7870 | D:11     | Noticed a green ugly thing
  7890 | D:11     | Killed a green ugly thing
  7950 | D:11     | Noticed Nergalle
  7970 | D:11     | Noticed a spectral orc warlord
  7970 | D:11     | Killed Nergalle
  8117 | D:11     | Noticed a two-headed ogre
  8129 | D:11     | Killed a two-headed ogre
  8168 | D:11     | Killed Sonja
  8719 | Lair:1   | Entered Level 1 of the Lair of Beasts
  8997 | Lair:1   | Reached skill level 5 in Evocations
  9394 | Lair:1   | Reached XP level 12. HP: 87/115 MP: 11/11
 10690 | Lair:3   | Gained mutation: You cannot train Armour skill. [Ru
                  | sacrifice]
 10690 | Lair:3   | Reached **** piety under Ru
 10690 | Lair:3   | Reached ***** piety under Ru
 10807 | Lair:3   | Noticed Fannar
 10829 | Lair:3   | Killed Fannar
 10829 | Lair:3   | Reached skill level 11 in Unarmed Combat
 11074 | Lair:3   | Noticed a seven-headed hydra
 11095 | Lair:3   | Killed a 14-headed hydra
 11511 | Lair:4   | Noticed Snorg
 11519 | Lair:4   | Killed Snorg
 11557 | Lair:4   | Reached XP level 13. HP: 19/124 MP: 12/12
 11748 | Lair:4   | Found a staircase to the Swamp.
 11903 | Lair:4   | Found a staircase to the Snake Pit.
 12518 | Lair:5   | Reached skill level 12 in Unarmed Combat
 12529 | Lair:5   | Found a gate leading to a gauntlet.
 12538 | Gauntlet | Entered a Gauntlet
 12538 | Gauntlet | Found a transporter.
 12541 | Gauntlet | Found a transporter.
 12557 | Gauntlet | Found a transporter.
 12561 | Gauntlet | Found a transporter.
 12571 | Gauntlet | Found a transporter.
 12577 | Gauntlet | Noticed a death ooze
 12591 | Gauntlet | Found a transporter.
 12594 | Gauntlet | Found a transporter.
 12598 | Gauntlet | Found a transporter.
 12626 | Gauntlet | Found a transporter.
 12643 | Gauntlet | Found a transporter.
 12646 | Gauntlet | Found a transporter.
 12666 | Gauntlet | Found a transporter.
 12669 | Gauntlet | Noticed a dire elephant
 12676 | Gauntlet | Noticed a death ooze
 12867 | Gauntlet | Killed a dire elephant
 12882 | Gauntlet | Got a wavering pewter ring
 13000 | Gauntlet | Identified the ring "Vaefry" {*Tele rElec rPois}
 13000 | Gauntlet | Noticed a minotaur
 13011 | Gauntlet | Killed a minotaur
 13011 | Gauntlet | Reached skill level 10 in Shields
 13019 | Gauntlet | Identified the Incunabulum of Curses and Intoxication
 13025 | Lair:5   | Identified the ring "Ruicurof" {rPois rN+} (You found it in
                  | a Gauntlet)
 13193 | Lair:5   | Found a staircase to the Slime Pits.
 13908 | Lair:6   | Entered Level 6 of the Lair of Beasts
 14526 | Lair:6   | Reached XP level 14. HP: 96/137 MP: 13/13
 14656 | Lair:6   | Reached skill level 13 in Unarmed Combat
 15866 | D:12     | Found Neotz's Antique Armour Boutique.
 16124 | D:12     | Identified the +6 rapier "Gram" {flame, Fragile rN+++ MP-9
                  | Dex+2}
 17122 | D:13     | Gained mutation: You cannot be stealthy. [Ru sacrifice]
 17282 | D:14     | Noticed Jorgrun
 17296 | D:14     | Killed Jorgrun
 17331 | D:14     | Found Fyzabyaw's Antique Weapon Emporium.
 17332 | D:14     | Found a frozen archway.
 17341 | D:14     | Noticed Kirke
 17352 | D:14     | Killed Kirke
 17403 | IceCv    | Entered an ice cave
 17519 | IceCv    | Reached skill level 14 in Unarmed Combat
 17845 | IceCv    | Noticed a frost giant
 17885 | IceCv    | Killed a frost giant
 17885 | IceCv    | Reached XP level 15. HP: 71/146 MP: 14/14
 18155 | D:14     | Noticed Agnes
 18162 | D:14     | Killed Agnes
 18223 | D:14     | Found a gate to the Vaults.
 18343 | D:14     | Noticed Azrael
 18350 | D:14     | Killed Azrael
 18584 | D:14     | Gained mutation: You are hated by all. [Ru sacrifice]
 18584 | D:14     | Reached ****** piety under Ru
 18667 | D:15     | Entered Level 15 of the Dungeon
 18937 | D:15     | Noticed Josephine
 18947 | D:15     | Killed Josephine
 19247 | D:15     | Reached skill level 15 in Unarmed Combat
 19720 | D:15     | Found a staircase to the Depths.
 19976 | Orc:1    | Entered Level 1 of the Orcish Mines
 20304 | Orc:2    | Entered Level 2 of the Orcish Mines
 20305 | Orc:2    | Found a staircase to the Elven Halls.
 20645 | Orc:2    | Found a roughly hewn altar of Beogh.
 20655 | Orc:2    | Noticed Nessos
 20662 | Orc:2    | Killed Nessos
 20692 | Orc:2    | Paralysed by an orc sorcerer for 4 turns
 20890 | Orc:2    | Reached skill level 10 in Fighting
 21013 | Orc:2    | Paralysed by an ogre mage for 5 turns
 21329 | Orc:2    | Found Waqunut's Magic Scroll Boutique.
 21382 | Orc:2    | Found Heonoyne's Gadget Shop.
 21396 | Orc:2    | Noticed Erolcha
 21406 | Orc:2    | Killed Erolcha
 21463 | Orc:2    | Found a radiant altar of Vehumet.
 21474 | Orc:2    | Found Koeluiz's Book Shop.
 21492 | Orc:2    | Found a roughly hewn altar of Beogh.
 21588 | Orc:2    | Found an ancient bone altar of Kikubaaqudgha.
 21613 | Orc:2    | Found Keomesim's Antique Armour Boutique.
 21961 | Swamp:1  | Entered Level 1 of the Swamp
 21985 | Swamp:1  | Reached XP level 16. HP: 24/158 MP: 15/15
 22191 | Lair:4   | Slain by a nine-headed hydra

Illustrated notes

Levels and vault maps discovered:
D:1:      dpeg_arrival_tiny_d, layout_loops_corners
D:2:      wander_river, layout_basic, grunt_ministairs_5
D:3:      layout_rooms, lemuel_doored_altar, gammafunk_ghost_abyssal_escape
D:4:      layout_loops_ring, zin_angel, nicolae_overflow_crystal_walls,
          lemuel_round_altar, nicolae_ru_path_of_blood,
          minmay_hollow_rounded_squares
D:5:      layout_cave_pools, serial_glass, glass_columns_a, glass_columns_a,
          serial_shops, shop
D:6:      layout_gridville, basic_altar, okawaru_ov_weapons_minmay,
          uniq_menkaure
D:7:      layout_rooms, minmay_temple_entry_junction, nicolae_elemental_shop
D:8:      layout_cave_pools, serial_shops, nicolae_shop_crystal,
          roderic_lattice_a, hex_large
D:9:      layout_roguey, lemuel_coloured_pillars_altar, minmay_lair_entry_grove,
          orc_0_dummy
D:10:     layout_irregular_city
D:11:     layout_basic, uniq_nergalle, uniq_sonja
D:12:     layout_loops_cross, serial_shops, shop,
          minmay_fractal_squares_diagonal_5
D:13:     layout_stronghold
D:14:     layout_irregular_city, david_vaults_2,
          portal_ice_cave_entry_pillars_2, minivault_23, serial_shops, shop,
          uniq_azrael, uniq_agnes, uniq_kirke, uniq_jorgrun
D:15:     gammafunk_depths_entry_grave, layout_rooms, minmay_misc_feat_enclosed,
          uniq_josephine
Lair:1:   layout_regular_city, grunt_megastairs_4, serial_bayou_shore_b
Lair:2:   layout_cave_pods, grunt_megastairs_1, lemuel_fruit_fields
Lair:3:   layout_concentric_octagons, serial_bayou_lake_a, serial_bayou_shore_a,
          uniq_fannar
Lair:4:   layout_roguey [special_room_mythical_zoo], minmay_swamp_entry_worms,
          minmay_snake_entry_six_corridors, uniq_snorg
Lair:5:   layout_misc_corridors, minmay_slime_entry_pillars,
          gauntlet_entry_generic, minmay_holes, lemuel_fruit_tree,
          minmay_lair_oklob_chamber, grunt_megastairs_5
Lair:6:   gammafunk_lair_ancient_temple, layout_small_grid
Swamp:1:  layout_basic_swamp, serial_swamp_ruin, evilmike_swamp_ruin_house_4,
          evilmike_swamp_ruin_house_1, evilmike_swamp_ruin_rubble_2
Orc:1:    layout_caves
Orc:2:    kennysheep_orc_mage_school, layout_diamond_mine, basic_altar,
          uniq_nessos

Skill      XL: |  1  2  3  4  5  6  7  8  9 10 11 12 13 14 15 |
---------------+----------------------------------------------+-----
Unarmed Combat | 3 4 5 9 7 10 10 11 12 14 15 | 15.4
Fighting       | 3 4 6 7 8 9 10 | 10.1
Dodging        | 4 6 7 8 9 |  9.6
Shields        | 4 6 8 9 10 11 | 11.6
Evocations     | 2 5 |  5.0

Action                   |  1- 3 |  4- 6 |  7- 9 | 10-12 | 13-15 | 16-18 || total
-------------------------+-------+-------+-------+-------+-------+-------++-------
Melee: Unarmed           |    95 |   208 |   429 |   714 |  1554 |    10 ||  3010
Invok: Sacrifice Experie |       |     1 |       |       |       |       ||     1
       Draw Out Power    |       |       |     2 |       |       |     1 ||     3
       Sacrifice Skill   |       |       |     1 |       |       |       ||     1
       Reject Sacrifices |       |       |       |     1 |     1 |       ||     2
       Apocalypse        |       |       |       |     1 |    13 |     1 ||    15
       Sacrifice Durabil |       |       |       |     1 |       |       ||     1
       Sacrifice Stealth |       |       |       |       |     1 |       ||     1
       Sacrifice Love    |       |       |       |       |     1 |       ||     1
Evoke: Tin of tremorston |       |       |       |       |       |     1 ||     1
  Use: Potion            |       |     3 |       |       |     2 |       ||     5
       Scroll            |       |       |    10 |       |    19 |     1 ||    30
 Stab: Sleeping          |       |       |     1 |       |       |       ||     1
       Invisible         |       |       |       |     4 |     5 |       ||     9
       Distracted        |       |       |       |     3 |     3 |       ||     6
       Paralysed         |       |       |       |     4 |    18 |       ||    22
Armor: Robe              |    40 |    67 |    90 |    61 |   245 |     9 ||   512
Dodge: Dodged            |    28 |    98 |    95 |   173 |   455 |    25 ||   874
Block: Kite shield       |    51 |    91 |   130 |       |       |       ||   272
       Reflection        |       |       |     2 |    12 |    35 |       ||    49
       Tower shield      |       |       |   117 |   673 |  1556 |    35 ||  2381

Table legend: (Time is in decaauts)
 A = Elapsed time spent in this place.
 B = Non-inter-level travel time spent in this place.
 C = Inter-level travel time spent in this place.
 D = Time resting spent in this place.
 E = Time spent auto-exploring this place.
 F = Levels seen in this place.
 G = Mean time per level.
                   A        B        C        D        E       F      G
               +--------+--------+--------+--------+--------+-----+--------+
         Total |  21959 |  20582 |   1377 |   1421 |  14278 |  26 |  844.6 |
       Dungeon |  12465 |  11702 |    763 |    483 |   8526 |  15 |  831.0 |
          Lair |   6564 |   6027 |    537 |    520 |   4241 |   6 | 1094.0 |
         Swamp |     49 |     49 |      0 |      0 |      7 |   1 |   49.0 |
  Orcish Mines |   1837 |   1762 |     75 |    219 |   1037 |   2 |  918.5 |
      Ice Cave |    561 |    561 |      0 |      0 |    317 |   1 |  561.0 |
      Gauntlet |    480 |    480 |      0 |    199 |    150 |   1 |  480.0 |
               +--------+--------+--------+--------+--------+-----+--------+

Top non-repeatable levels by time:
  Lair:6: 1343 daAuts
   Orc:2: 1339 daAuts
  Lair:2: 1165 daAuts
    D:14: 1121 daAuts
  Lair:4: 1079 daAuts
    D:10: 1052 daAuts
  Lair:3: 1046 daAuts
     D:4: 1034 daAuts
  Lair:5: 998 daAuts
    D:11: 987 daAuts
    D:12: 955 daAuts
  Lair:1: 930 daAuts
     D:6: 908 daAuts
    D:15: 830 daAuts
     D:2: 807 daAuts
